 Dungeon Crawl Stone Soup version 0.24-a0-139-geb6712d (webtiles) character file.

Game seed: 0

3973 emperorscorpion the Chopper (level 10, -7/53 HPs)
             Began as a Vine Stalker Berserker on Mar 1, 2019.
             Was a High Priest of Trog.
             Mangled by a wolf (9 damage)
             ... on level 8 of the Dungeon.
             The game lasted 00:10:04 (2645 turns).

emperorscorpion the Chopper (VSBe)                  Turns: 2645, Time: 00:10:05

Health: -7/53      AC:  2    Str: 22    XL:     10   Next: 22%
Magic:  0/11       EV: 15    Int: 10    God:    Trog [*****.]
Gold:   79         SH:  0    Dex: 15    Spells: 9/9 levels left

rFire    . . .     SeeInvis .   L - +6 trident of Plague {vamp, rPois rC+ rN+}
rCold    + . .     Gourm    .   (no shield)
rNeg     + . .     Faith    .   (no armour)
rPois    +         Spirit   +   w - +0 helmet
rElec    .         Reflect  .   (no cloak)
rCorr    .         Harm     .   v - +0 pair of gloves
MR       +....                  (no boots)
Stlth    ++........             (no amulet)
HPRegen  0.57/turn              t - +3 ring of intelligence
MPRegen  0.12/turn              (no ring)

@: berserk cooldown, slowed, very slow
A: fangs 3, regeneration 1, magic shield, antimagic bite, no potion heal 3, rot
immunity
a: Berserk, Trog's Hand, Brothers in Arms, Renounce Religion


You were on level 8 of the Dungeon.
You worshipped Trog.
Trog was extremely pleased with you.
You were very hungry.

You visited 1 branch of the dungeon, and saw 8 of its levels.
You also visited: Sewer.

You collected 275 gold pieces.
You spent 196 gold pieces at shops.

Inventory:

Hand Weapons
 a - a +0 hand axe
 k - a +0 trident
 L - the +6 trident of Plague (weapon) {vamp, rPois rC+ rN+}
   (You found it on level 6 of the Dungeon)

   It inflicts no extra harm, but heals its wielder when it wounds a living foe.
   It protects you from cold.
   It protects you from poison.
   It protects you from negative energy.
Missiles
 K - 7 javelins of returning (quivered)
 N - 3 throwing nets
 P - 21 poisoned needles
Armour
 b - a +0 animal skin
 m - a +0 ring mail
 v - a +0 pair of gloves (worn)
 w - a +0 helmet (worn)
 x - a +0 ring mail of poison resistance
 H - a +0 chain mail
 M - a +0 chain mail of cold resistance
Jewellery
 f - an uncursed ring of fire
 t - a +3 ring of intelligence (left hand)
Wands
 E - a wand of polymorph (5)
 O - a wand of random effects (22)
 Q - a wand of disintegration (15)
Scrolls
 e - 4 scrolls of teleportation {unknown}
 g - 2 scrolls of amnesia {unknown}
 n - a scroll of noise {unknown}
 p - 3 scrolls of remove curse {unknown}
 q - 2 scrolls of fog {unknown}
 r - 6 scrolls of identify {unknown}
 u - a scroll of immolation {unknown}
 y - 4 scrolls of magic mapping {unknown}
 C - a scroll of fear {unknown}
 F - a scroll of random uselessness {unknown}
 R - a scroll of enchant armour {unknown}
Potions
 d - a potion of agility {unknown}
 h - 4 potions of heal wounds {unknown}
 i - a potion of lignification {unknown}
 j - a potion of berserk rage
 l - 6 potions of curing
 o - 2 potions of ambrosia {unknown}
 s - a potion of resistance {unknown}
 z - 2 potions of might {unknown}
 A - 2 potions of magic {unknown}
 B - 2 potions of brilliance {unknown}
 D - a potion of haste {unknown}
 I - a potion of invisibility
 J - a potion of degeneration {unknown}
Comestibles
 c - 4 rations
 G - 9 chunks of flesh


   Skills:
 + Level 6.6 Fighting
 - Level 7.0(8.0) Axes
 + Level 5.9(7.5) Polearms
 + Level 5.2 Armour
 + Level 4.9 Dodging
 + Level 2.4 Stealth


You had 9 spell levels left.
You didn't know any spells.
Your spell library contained the following spells:

 Spells                   Type           Power        Failure   Level  Hunger
 Summon Small Mammal      Summ           #...         36%         1    ##.....
 Call Imp                 Summ           #.......     50%         2    ###....
 Call Canine Familiar     Summ           #.......     75%         3    ####...
 Summon Guardian Golem    Hex/Summ       #.......     75%         3    ####...
 Summon Ice Beast         Ice/Summ       #.......     98%         4    #####..
 Summon Lightning Spire   Summ/Air       #.......     98%         4    #####..


Dungeon Overview and Level Annotations

Branches:
Dungeon (8/15)             Temple (0/1) D:6
   Lair: D:8-11

Altars:

Shops:
D:5 !


Innate Abilities, Weirdness & Mutations

You have razor-sharp teeth.
Your natural rate of healing is unusually fast.
When hurt, damage is shared between your health and your magic reserves.
Your bite disrupts and absorbs the magic of your enemies.
Potions cannot restore your health.
You are immune to rotting.


Message History

Trog accepts your kill. The hound bites you. The wolf closely misses you.
The hound bites you.
You closely miss the wolf. You bite the wolf, but do no damage.
The wolf closely misses you. The hound barely misses you.
The hound closely misses you. The wolf bites you.
* * * LOW HITPOINT WARNING * * *
The hound closely misses you. x2; The wolf bites you.
* * * LOW HITPOINT WARNING * * *
Unknown command.
Unknown command.
You fail to use your ability.
The wolf misses you. The hound completely misses you. The hound bites you.
* * * LOW HITPOINT WARNING * * *
The wolf bites you.
* * * LOW HITPOINT WARNING * * *
The hound barely misses you. The hound bites you.
* * * LOW HITPOINT WARNING * * *
Unknown command.
The wolf bites you!
You die...

#......)................
#.......................
...............#........
#..................###..
?..............)..##
..#####..######...#####..
.. ....# ###.#......≈.
.#.#####...hh...##
#......@h####
...........# ...........#
.###....#...< #.......?..
.....##....... ......
#....... ....?. .....#.


You could see a wolf and 2 hounds.

Vanquished Creatures
  Harold (D:7)
  A two-headed ogre (D:8)
  Pikel (D:6)
  Grinder (D:6)
  A hippogriff (D:7)
  A hungry ghost (D:7)
  2 orc warriors (D:7)
  2 slaves (D:6)
  An ice beast (D:7)
  A wolf (D:8)
  5 bullfrogs
  A water moccasin zombie (D:6)
  2 scorpions (D:7)
  3 howler monkeys
  2 crimson imps
  2 bullfrog skeletons
  2 hounds (D:8)
  A jelly (D:8)
  An orc priest (D:7)
  5 orc wizards
  An iguana (D:7)
  A worker ant (D:7)
  2 hound zombies
  A hound skeleton (D:4)
  Robin (D:4)
  11 adders
  6 river rats
  3 shadow imps
  An ooze (Sewer)
  2 worms (D:4)
  2 dart slugs (D:1)
  6 leopard geckos
  10 orcs
  5 giant cockroaches
  12 goblins
  5 hobgoblins
  14 jackals
  10 ball pythons
  A bat (D:2)
  3 frilled lizards
  3 kobolds (D:1)
  A leopard gecko skeleton (D:7)
  27 rats
  A fungus (D:1)
165 creatures vanquished.

Vanquished Creatures (others)
  5 toadstools (D:1)
5 creatures vanquished.

Grand Total: 170 creatures vanquished

Notes
Turn   | Place    | Note
-------+----------+-------------------------------------------
     0 | D:1      | emperorscorpion the Vine Stalker Berserker began the quest
                  | for the Orb.
     0 | D:1      | Reached XP level 1. HP: 11/11 MP: 2/2
   112 | D:1      | Reached XP level 2. HP: 13/16 MP: 1/3
   273 | D:1      | Reached skill level 3 in Axes
   711 | D:2      | Reached XP level 3. HP: 18/20 MP: 4/4
   726 | D:2      | Reached ** piety under Trog
  1288 | D:4      | Gained mutation: Your natural rate of healing is unusually
                  | fast. [Vine Stalker growth]
  1288 | D:4      | Reached XP level 4. HP: 24/24 MP: 5/5
  1344 | D:4      | Reached skill level 4 in Axes
  1344 | D:4      | Reached XP level 5. HP: 28/28 MP: 4/6
  1415 | D:4      | Noticed Robin
  1417 | D:4      | Reached skill level 1 in Stealth
  1430 | D:4      | Killed Robin
  1517 | D:4      | Found a glowing drain.
  1521 | Sewer    | Entered a sewer
  1573 | Sewer    | Reached XP level 6. HP: 32/32 MP: 7/7
  1618 | Sewer    | Reached *** piety under Trog
  1816 | Sewer    | Reached skill level 5 in Axes
  1821 | Sewer    | Reached XP level 7. HP: 37/37 MP: 6/8
  1960 | D:5      | Entered Level 5 of the Dungeon
  2057 | D:5      | Reached **** piety under Trog
  2071 | D:5      | Found Penlupell's Distillery.
  2097 | D:5      | Bought a potion of invisibility for 112 gold pieces
  2097 | D:5      | Bought a potion of curing for 42 gold pieces
  2097 | D:5      | Bought a potion of curing for 42 gold pieces
  2101 | D:6      | Noticed Pikel
  2113 | D:6      | Killed Pikel
  2113 | D:6      | Reached skill level 6 in Axes
  2113 | D:6      | Gained mutation: You have razor-sharp teeth. [Vine Stalker
                  | growth]
  2113 | D:6      | Reached XP level 8. HP: 19/42 MP: 1/9
  2135 | D:6      | Noticed Grinder
  2166 | D:6      | Killed Grinder
  2185 | D:6      | Found a staircase to the Ecumenical Temple.
  2213 | D:6      | Got a pitted trident
  2229 | D:6      | Reached skill level 7 in Axes
  2261 | D:6      | Identified the +6 trident of Plague {vamp, rPois rC+ rN+}
                  | (You found it on level 6 of the Dungeon)
  2296 | D:7      | Reached skill level 5 in Fighting
  2313 | D:7      | Reached skill level 1 in Polearms
  2324 | D:7      | Reached XP level 9. HP: 37/47 MP: 6/10
  2377 | D:7      | Noticed Harold
  2384 | D:7      | Killed Harold
  2396 | D:7      | Reached skill level 5 in Armour
  2562 | D:7      | Reached ***** piety under Trog
  2608 | D:8      | Noticed a two-headed ogre
  2616 | D:8      | Killed a two-headed ogre
  2616 | D:8      | Reached skill level 5 in Polearms
  2616 | D:8      | Reached XP level 10. HP: 53/53 MP: 8/11
  2644 | D:8      | HP: 1/53 [hound (2)]
  2645 | D:8      | Mangled by a wolf

Levels and vault maps discovered:
D:1:      dpeg_arrival_round_c, layout_loops_ring, chequers_serial_rivers_marsh,
          minmay_gold_behind_fungi, minmay_heptomino_d4
D:2:      layout_basic, nicolae_overflow_hidden_temple, first_ration,
          chequers_ecumenical_altar_grove, uniq_sigmund
D:3:      layout_rooms, elyvilon_altar_5
D:4:      layout_rooms, gup_sewer_entry_bowl, minmay_fractal_squares_gapless_5,
          uniq_robin
D:5:      minmay_evil_eye, layout_loops_ring, minitemple, serial_shops,
          nicolae_shop_crystal, makhleb_blood_cavern_becter
D:6:      layout_rooms, minmay_temple_entry_sparse_star,
          uniq_crazy_yiuf_cottage, uniq_pikel, uniq_grinder
D:7:      layout_rooms, uniq_harold
D:8:      layout_rooms, nicolae_dithmenos_through_a_glass_darkly,
          overflow_temple_1_default, erik_lair_island
Sewer:    sewer_minmay_w

Skill      XL: |  1  2  3  4  5  6  7  8  9 |
---------------+----------------------------+-----
Axes           | 3 4 5 6 7 |  7.0
Fighting       | 3 4 5 6 |  6.6
Armour         | 2 3 4 5 |  5.2
Dodging        | 2 3 4 |  4.9
Stealth        | 1 2 |  2.4
Polearms       | 1 5 |  5.9

Action                   |  1- 3 |  4- 6 |  7- 9 | 10-12 || total
-------------------------+-------+-------+-------+-------++-------
Melee: Hand axe          |    59 |   148 |    76 |       ||   283
       Bite              |    16 |    31 |    53 |     2 ||   102
       Trident           |       |       |   115 |    22 ||   137
Invok: Berserk           |     7 |     6 |     6 |       ||    19
       Trog's Hand       |       |       |     1 |       ||     1
 Stab: Sleeping          |       |       |     2 |       ||     2
  Eat: Chunk             |     6 |     8 |     7 |       ||    21
       Ration            |       |       |     2 |       ||     2
Armor: Animal skin       |     3 |       |       |       ||     3
       Ring mail         |     1 |    51 |    59 |       ||   111
       Skin              |       |       |     8 |     1 ||     9
Dodge: Dodged            |    28 |    88 |   136 |    31 ||   283

Table legend:
 A = Non-vault XP
 B = Vault XP
 C = Vault XP percentage of total XP
 D = Non-vault monster count
 E = Vault monster count
 F = Vault count percentage of total count
                 A         B        C        D         E       F
            +---------+---------+-------+---------+---------+-------
      Total |    3179 |    2497 |  44.0 |      89 |      73 |  45.1
            +---------+---------+-------+---------+---------+-------
        D:1 |      11 |       9 |  45.0 |       7 |       3 |  30.0
        D:2 |      33 |       0 |   0.0 |      12 |       0 |   0.0
        D:3 |       8 |       0 |   0.0 |       5 |       0 |   0.0
        D:4 |     169 |      59 |  25.9 |      13 |      17 |  56.7
        D:5 |      60 |       0 |   0.0 |       6 |       0 |   0.0
        D:6 |     226 |     865 |  79.3 |       5 |       2 |  28.6
        D:7 |    1490 |    1007 |  40.3 |      32 |       1 |   3.0
        D:8 |    1182 |     160 |  11.9 |       9 |       2 |  18.2
      Sewer |       0 |     397 | 100.0 |       0 |      48 | 100.0
            +---------+---------+-------+---------+---------+-------
